 Dungeon Crawl Stone Soup version 0.29-a0-317-gd16b76e6b1 (webtiles) character file.

Game seed: 13173595218790053804

774 Ijustatesigmund the Reanimator (level 7, 0/40 HPs)
             Began as a Deep Elf Necromancer on Mar 31, 2022.
             Slain by Prince Ribbit (10 damage)
             ... on level 5 of the Dungeon.
             The game lasted 00:12:13 (6492 turns).

Ijustatesigmund the Reanimator (DENe)               Turns: 6492, Time: 00:12:15

Health: 0/40       AC:  6    Str:  5    XL:     7   Next: 53%
Magic:  9/17       EV: 12    Int: 22    God:
Gold:   143        SH:  0    Dex: 15    Spells: 9/16 levels left

rFire   . . .      SeeInvis .   k - +2 dagger (speed)
rCold   + . .      Faith    .   (no shield)
rNeg    . . .      Spirit   .   f - +1 leather armour
rPois   .          Reflect  .   s - +1 helmet
rElec   .          Harm     .   (no cloak)
rCorr   .          Rampage  .   (no gloves)
Will    .....                   (no boots)
Stlth   ++........              c - amulet of the acrobat
HPRegen 0.13/turn               e - ring of protection from cold
MPRegen 0.15/turn               (no ring)

@: no status effects
A: no striking features
a: no special abilities


You were on level 5 of the Dungeon.
You visited 1 branch of the dungeon, and saw 5 of its levels.
You also visited: Sewer.

You collected 143 gold pieces.

Inventory:

Hand Weapons
 d - a +0 short sword of protection
 k - a +2 dagger of speed (weapon)
Missiles
 i - 29 poisoned darts
Armour
 f - a +1 leather armour (worn)
 s - a +1 helmet (worn)
Jewellery
 c - an amulet of the acrobat (around neck)
 e - a ring of protection from cold (left hand)
Scrolls
 m - a scroll of amnesia {unknown}
 q - a scroll of teleportation
Potions
 a - 2 potions of haste
 b - a potion of mutation
 g - a potion of cancellation
 h - 2 potions of curing
 j - a potion of lignification
 n - a potion of brilliance {unknown}
 o - a potion of attraction
 p - 2 potions of invisibility


   Skills:
 - Level 2.1 Fighting
 - Level 2.6 Short Blades
 - Level 4.2 Dodging
 - Level 2.4 Stealth
 + Level 5.4 Spellcasting
 + Level 8.3 Necromancy


You had 9 spell levels left.
You knew the following spells:

 Your Spells              Type           Power      Damage    Failure   Level
a - Pain                  Necr           100%       1d9       1%          1
b - Animate Skeleton      Necr           84%        N/A       1%          1
c - Agony                 Necr           42%        N/A       14%         5

Your spell library contained the following spells:

 Spells                   Type           Power      Damage    Failure   Level
 Vampiric Draining        Necr           42%        2d9       1%          3
 Animate Dead             Necr           21%        N/A       5%          4
 Ensorcelled Hibernation  Hex/Ice        12%        N/A       24%         2
 Passwall                 Tmut/Erth      5%         N/A       24%         2
 Call Canine Familiar     Summ           6%         N/A       43%         3
 Portal Projectile        Hex/Tloc       12%        N/A       43%         3
 Swiftness                Air            6%         N/A       43%         3
 Leda's Liquefaction      Hex/Erth       3%         N/A       85%         4


Dungeon Overview and Level Annotations

Branches:
Dungeon (5/15)             Temple (0/1) D:4           Sewer (visited)

Altars:
Gozag
Trog
Xom
Zin

Shops:
D:1 *

Annotations:
D:5 Prince Ribbit


Message History

Aim: Prince Ribbit (lightly wounded, chance to affect: 70%) Prince Ribbit writhes in agony.
Prince Ribbit closely misses you.
Casting: Pain (safe; 1% risk of failure)
Confirm with . or Enter, or press ? or * to list all spells.
Aiming: Pain (safe; 1% risk of failure)
Press: ? - help, Shift-Dir - straight line, f/p - Prince Ribbit
Aim: Prince Ribbit (lightly wounded, chance to affect: 70%) Prince Ribbit writhes in agony.
Prince Ribbit hits you. Prince Ribbit closely misses you.
Casting: Pain (safe; 1% risk of failure)
Confirm with . or Enter, or press ? or * to list all spells.
Aiming: Pain (safe; 1% risk of failure)
Press: ? - help, Shift-Dir - straight line, f/p - Prince Ribbit
Aim: Prince Ribbit (moderately wounded, chance to affect: 70%) Prince Ribbit writhes in agony!
Prince Ribbit hits you!
Casting: Pain (safe; 1% risk of failure)
Confirm with . or Enter, or press ? or * to list all spells.
Aiming: Pain (safe; 1% risk of failure)
Press: ? - help, Shift-Dir - straight line, f/p - Prince Ribbit
Aim: Prince Ribbit (heavily wounded, chance to affect: 70%) Prince Ribbit writhes in agony!
Prince Ribbit hits you. Prince Ribbit hits you!
* * * LOW HITPOINT WARNING * * *
You feel much better.
Prince Ribbit lets out a mournful croak.
Prince Ribbit closely misses you.
Casting: Pain (safe; 1% risk of failure)
Confirm with . or Enter, or press ? or * to list all spells.
Aiming: Pain (safe; 1% risk of failure)
Press: ? - help, Shift-Dir - straight line, f/p - Prince Ribbit
Aim: Prince Ribbit (severely wounded, chance to affect: 70%) Prince Ribbit writhes in agony.
Prince Ribbit barely misses you.
Casting: Pain (safe; 1% risk of failure)
Confirm with . or Enter, or press ? or * to list all spells.
Aiming: Pain (safe; 1% risk of failure)
Press: ? - help, Shift-Dir - straight line, f/p - Prince Ribbit
Aim: Prince Ribbit (severely wounded, chance to affect: 70%) Prince Ribbit writhes in agony.
Prince Ribbit hits you!
* * * LOW HITPOINT WARNING * * *
Prince Ribbit hits you!
You die...

###################
#.................#
+.................#
#..##....##..##@F.#
##+#########..##...#
.#...#....#...#....#
.#...†....#...#....#
.#..<#....#...#....#
.'...#....#...#....#
########..###'##...#
#### #..##..##...#
...# #...#...#


You could see Prince Ribbit.

Vanquished Creatures
  An ogre (D:4)
  A centaur (D:5)
  2 kobold brigands (Sewer)
  3 scorpions
  A howler monkey (D:4)
  An orc priest (D:4)
  2 orc wizards
  An iguana (D:4)
  9 adders
  An ufetubus (D:5)
  3 worms (Sewer)
  An orc (D:4)
  6 ball pythons
  6 endoplasms
  4 giant cockroaches
  6 goblins
  4 hobgoblins
  13 kobolds
  2 quokkas
  6 bats
  3 frilled lizards
  6 rats
82 creatures vanquished.

Notes
Turn   | Place    | Note
-------+----------+-------------------------------------------
     0 | D:1      | Ijustatesigmund the Deep Elf Necromancer began the quest
                  | for the Orb.
     0 | D:1      | Reached XP level 1. HP: 10/10 MP: 6/6
     2 | D:1      | Learned a level 1 spell: Animate Skeleton
    26 | D:1      | Found Vayssiul's Assorted Antiques.
   174 | D:1      | Reached skill level 5 in Necromancy
   596 | D:1      | Reached XP level 2. HP: 14/15 MP: 6/8
   675 | D:1      | Reached skill level 1 in Short Blades
  1435 | D:2      | Noticed a scorpion
  1440 | D:2      | Killed a scorpion
  1441 | D:2      | Reached skill level 6 in Necromancy
  1441 | D:2      | Reached XP level 3. HP: 13/19 MP: 3/9
  1441 | D:2      | Reached XP level 4. HP: 17/24 MP: 3/10
  1595 | D:2      | Found a faded altar of an unknown god.
  2241 | D:3      | Found an opulent altar of Gozag.
  2261 | D:3      | Identified the +0 leather armour of the Comet {rC+}
  2308 | D:3      | Found a glowing silver altar of Zin.
  2567 | D:3      | Found a bloodstained altar of Trog.
  2623 | D:4      | Noticed a scorpion
  2630 | D:4      | Killed a scorpion
  2631 | D:4      | Reached XP level 5. HP: 16/28 MP: 5/11
  2702 | D:4      | Found a staircase to the Ecumenical Temple.
  2707 | D:4      | Found a glowing drain.
  2719 | D:4      | Reached skill level 1 in Fighting
  2775 | Sewer    | Entered a sewer
  3255 | Sewer    | Reached XP level 6. HP: 31/35 MP: 7/12
  3708 | Sewer    | Reached skill level 7 in Necromancy
  4075 | D:4      | Learned a level 5 spell: Agony
  4709 | D:4      | Reached XP level 7. HP: 35/40 MP: 7/15
  5260 | D:5      | Entered Level 5 of the Dungeon
  6051 | D:5      | Reached skill level 5 in Spellcasting
  6051 | D:5      | Reached skill level 8 in Necromancy
  6237 | D:5      | Found a shimmering altar of Xom.
  6482 | D:5      | Noticed Prince Ribbit
  6492 | D:5      | Slain by Prince Ribbit

Illustrated notes

Levels and vault maps discovered:
D:1:      dpeg_arrival_refuge, layout_basic, serial_shops, shop_fountains
D:2:      layout_loops_ring, chequers_ecumenical_altar_simple
D:3:      layout_loops_cross, nicolae_overflow_crystal_walls,
          nicolae_overflow_hidden_temple
D:4:      layout_basic, minmay_temple_entry_butterflies, gup_sewer_entry_glass
D:5:      layout_gridville, mainiacjoe_overflow_tiny_flanked,
          yredelemnul_altar_generic, okawaru_altar_gauntlet_db,
          nemelex_xobeh_ov_fountains_minmay, nzn_hepliaklqana_mist_gate,
          uniq_crazy_yiuf_cottage, uniq_prince_ribbit1

Skill      XL: |  1  2  3  4  5  6  7 |
---------------+----------------------+-----
Necromancy     | 5 6 7 8 |  8.3
Short Blades   | 2 |  2.6
Dodging        | 3 4 |  4.2
Fighting       | 1 2 |  2.1
Spellcasting   | 4 5 |  5.4
Stealth        | |  2.4

Action                   |  1- 3 |  4- 6 |  7- 9 || total
-------------------------+-------+-------+-------++-------
Melee: Dagger            |       |    10 |    13 ||    23
 Cast: Pain              |    36 |   110 |    50 ||   196
       Animate Skeleton  |       |     2 |       ||     2
       Agony             |       |       |     1 ||     1
  Use: Scroll            |     8 |     7 |     3 ||    18
       Potion            |       |     6 |     2 ||     8
 Stab: Invisible         |       |     2 |       ||     2
Armor: Leather armour    |     1 |     7 |    27 ||    35
Dodge: Dodged            |     2 |    24 |    60 ||    86

Table legend: (Time is in decaauts)
 A = Elapsed time spent in this place.
 B = Non-inter-level travel time spent in this place.
 C = Inter-level travel time spent in this place.
 D = Time resting spent in this place.
 E = Time spent auto-exploring this place.
 F = Levels seen in this place.
 G = Mean time per level.
                   A        B        C        D        E       F      G
               +--------+--------+--------+--------+--------+-----+--------+
         Total |   6570 |   6475 |     95 |   2953 |   2804 |   6 | 1095.0 |
       Dungeon |   5358 |   5263 |     95 |   2315 |   2465 |   5 | 1071.6 |
         Sewer |   1211 |   1211 |      0 |    638 |    339 |   1 | 1211.0 |
               +--------+--------+--------+--------+--------+-----+--------+

Top non-repeatable levels by time:
     D:4: 2031 daAuts
   Sewer: 1211 daAuts
     D:1: 1169 daAuts
     D:3: 777 daAuts
     D:5: 708 daAuts
     D:2: 671 daAuts
